 Dungeon Crawl Stone Soup version 0.28.0 (webtiles) character file.

Game seed: 12457998103901318748

39 Descartes the Grasshopper (level 3, -3/28 HPs)
             Began as a Formicid Warper on Feb 5, 2022.
             Slain by a worm (7 damage)
             ... on level 2 of the Dungeon.
             The game lasted 00:02:17 (1263 turns).

Descartes the Grasshopper (Formicid Warper)         Turns: 1263, Time: 00:02:18

Health: -3/28      AC:  3    Str: 17    XL:     3   Next: 70%
Magic:  6/6        EV: 11    Int: 12    God:
Gold:   34         SH:  0    Dex: 10    Spells: 7/7 levels left

rFire   . . .      SeeInvis +   i - +2 dagger (vamp)
rCold   . . .      Faith    .   (no shield)
rNeg    . . .      Spirit   .   b - +0 leather armour
rPois   .          Reflect  .   (helmet unavailable)
rElec   .          Harm     .   (no cloak)
rCorr   .          Rampage  .   (no gloves)
Will    .....                   (no boots)
Stlth   +.........              (no amulet)
HPRegen 0.09/turn               (no ring)
MPRegen 0.10/turn               (no ring)

@: no status effects
A: permanent stasis, dig shafts and tunnels, antennae 3, four strong arms
a: Dig, Shaft Self


You were on level 2 of the Dungeon.
You visited 1 branch of the dungeon, and saw 2 of its levels.

You collected 34 gold pieces.

Inventory:

Hand Weapons
 a - a +0 hand axe
 i - a +2 vampiric dagger (weapon)
Missiles
 c - 5 boomerangs of dispersal (quivered)
 e - 33 stones
 j - 19 arrows
 k - 2 silver boomerangs
Armour
 b - a +0 leather armour (worn)
Scrolls
 d - a scroll of fear {unknown}
 g - a scroll of holy word {unknown}
 h - a scroll of vulnerability {unknown}
 l - a scroll of enchant weapon {unknown}
Potions
 f - a potion of ambrosia {unknown}


   Skills:
 + Level 2.4 Fighting
 + Level 0.1 Short Blades
 + Level 2.2 Axes
 + Level 1.6 Throwing
 + Level 1.5 Armour
 - Level 2.0 Dodging
 + Level 2.6 Spellcasting
 + Level 2.9 Translocations


You had 7 spell levels left.
You didn't know any spells.
Your spell library contained the following spells:

 Spells                   Type           Power      Damage    Failure   Level
 Gell's Gravitas          Tloc           8%         N/A       28%         3
 Lesser Beckoning         Tloc           8%         N/A       28%         3
 Teleport Other           Tloc           8%         N/A       28%         3
 Manifold Assault         Tloc           8%         N/A       95%         5
 Blink                    Tloc           Unusable   N/A       N/A         2

Dungeon Overview and Level Annotations

Branches:
Dungeon (2/15)

Altars:


Innate Abilities, Weirdness & Mutations

You cannot be hasted, slowed, berserked, paralysed or teleported.
You can dig through walls and to a lower floor.
You have a pair of large antennae on your head. (SInv)
Your four strong arms can wield two-handed weapons with a shield.


Message History

You kill the kobold!
You hit the worm.
You feel better.
The worm is lightly wounded.
You hit the worm.
The worm is moderately wounded.
The worm misses you.
You hit the worm.
You feel better.
The worm is heavily wounded.
You hit the worm.
You feel better.
The worm is heavily wounded.
The worm bites you but does no damage.
You hit the worm.
You feel better.
The worm is severely wounded.
The worm bites you but does no damage.
You hit the worm.
You feel better.
The worm is severely wounded.
You hit the worm but do no damage.
The worm is severely wounded.
The worm barely misses you.
You hit the worm.
You feel better.
The worm is severely wounded.
You hit the worm.
The worm is almost dead.
The worm bites you!
* * * LOW HITPOINT WARNING * * *
You hit the worm.
The worm is almost dead.
The worm bites you!
* * * LOW HITPOINT WARNING * * *
A worm is nearby!
Items here: ) ††††.
A worm is nearby!
Unknown command.
A worm is nearby!
You hit the worm.
The worm is moderately wounded.
You hit the worm.
The worm is heavily wounded.
The worm bites you!
You die...

#.## ##...##
#.....#
#.....#
#.....#
###....#
#......# .
#.#w##.####...
#.#@##........
#.#.....#
#.####.##
#....w.#
########


You could see a worm.

Vanquished Creatures
  An adder (D:2)
  A dart slug (D:1)
  A bat (D:1)
  2 endoplasms
  5 hobgoblins (D:1)
  4 jackals
  3 kobolds
  2 quokkas (D:1)
  A ball python (D:1)
  A frilled lizard (D:1)
  A goblin (D:1)
  4 rats (D:1)
26 creatures vanquished.

Notes
Turn   | Place    | Note
-------+----------+-------------------------------------------
     0 | D:1      | Descartes the Formicid Warper began the quest for the Orb.
     0 | D:1      | Reached XP level 1. HP: 16/16 MP: 3/3
   158 | D:1      | Reached XP level 2. HP: 16/22 MP: 5/5
   386 | D:1      | HP: 1/22 [hobgoblin (2)]
   798 | D:1      | Reached XP level 3. HP: 17/28 MP: 6/6
   936 | D:1      | Found a faded altar of an unknown god.
  1223 | D:2      | HP: 1/28 [worm (7)]
  1263 | D:2      | Slain by a worm

Illustrated notes

Levels and vault maps discovered:
D:1:      dpeg_arrival_court, layout_rooms, basic_ecumenical_altar,
          chequers_serial_rivers_large_b, minmay_tromino_v2
D:2:      layout_loops_corners, uniq_jessica, uniq_robin

Skill      XL: |  1  2 |
---------------+-------+-----
Dodging        | 2 |  2.0
Fighting       | |  2.4
Short Blades   | |  0.1
Axes           | |  2.2
Throwing       | |  1.6
Armour         | |  1.5
Spellcasting   | |  2.6
Translocations | |  2.9

Action                   || total
-------------------------++-------
Melee: Hand axe          ||    49
       Punch             ||     1
       Dagger            ||    57
Armor: Leather armour    ||    35
Dodge: Dodged            ||    70
